 Dungeon Crawl Stone Soup version 0.29.1-12-g30fa7ad0bf (webtiles) character file.

Game seed: 1148469279913071358

108 xzight the Shield-Bearer (level 4, -2/41 HPs)
             Began as a Gnoll Fighter on Dec 28, 2022.
             Killed by divine providence
             ... invoked by an orc priest
              (11 damage)
             ... on level 3 of the Dungeon.
             The game lasted 00:02:47 (2308 turns).

xzight the Shield-Bearer (Gnoll Fighter)            Turns: 2308, Time: 00:02:48

Health: -2/41      AC: 14    Str: 15    XL:     4   Next: 87%
Magic:  5/5        EV:  6    Int:  9    God:
Gold:   172        SH:  5    Dex: 12    Spells: 5/5 levels left

rFire   . . .      SeeInvis .   a - +0 flail
rCold   . . .      Faith    .   c - +0 buckler
rNeg    . . .      Spirit   .   j - +0 chain mail
rPois   .          Reflect  .   (no helmet)
rElec   .          Harm     .   (no cloak)
rCorr   .          Rampage  .   (no gloves)
Will    .....                   (no boots)
Stlth   ..........              (no amulet)
HPRegen 0.13/turn               T - +4 ring of protection
MPRegen 0.09/turn               (no ring)

@: no status effects
A: fangs 1, strong nose, distributed training
a: no special abilities


You were on level 3 of the Dungeon.
You visited 1 branch of the dungeon, and saw 3 of its levels.

You collected 172 gold pieces.


Innate Abilities, Weirdness & Mutations

You have very sharp teeth.
Your uncanny sense of smell can sniff out nearby items.
Your experience applies equally to all skills.


   Skills:
 + Level 6.6 Fighting
 + Level 1.3 Short Blades
 + Level 1.3 Long Blades
 + Level 1.3 Axes
 + Level 4.7 Maces & Flails
 + Level 1.3 Polearms
 + Level 1.3 Staves
 + Level 1.3 Ranged Weapons
 + Level 1.3 Throwing
 + Level 6.6 Armour
 + Level 1.3 Dodging
 + Level 1.3 Stealth
 + Level 6.6 Shields
 + Level 1.3 Unarmed Combat
 + Level 1.3 Spellcasting
 + Level 1.0 Conjurations
 + Level 1.0 Hexes
 + Level 1.0 Summonings
 + Level 1.0 Necromancy
 + Level 1.0 Translocations
 + Level 1.0 Transmutations
 + Level 1.0 Fire Magic
 + Level 1.0 Ice Magic
 + Level 1.0 Air Magic
 + Level 1.0 Earth Magic
 + Level 1.0 Poison Magic
 + Level 1.4 Invocations
 + Level 1.3 Evocations


You had 5 spell levels left.
You didn't know any spells.
Your spell library contained the following spells:

 Spells                   Type           Power      Damage    Failure   Level
 Scorch                   Fire           4%         2d5       100%        2
 Portal Projectile        Hex/Tloc       4%         N/A       100%        3
 Tukima's Dance           Hex            2%         N/A       100%        3
 Flame Wave               Conj/Fire      2%         2d4       100%        4
 Blade Hands              Tmut           1%         N/A       100%        5
 Summon Cactus Giant      Summ           1%         N/A       100%        6

Inventory:

Hand Weapons
 a - a +0 flail (weapon)
Armour
 c - a +0 buckler (worn)
 j - a +0 chain mail (worn)
Jewellery
 T - a +4 ring of protection (left hand)
Scrolls
 e - a scroll of magic mapping {unknown}
 f - a scroll of blinking {unknown}
 h - 3 scrolls of identify {@r1}
 i - a scroll of amnesia {unknown}
Potions
 b - 2 potions of heal wounds {unknown}
 d - 2 potions of might
 g - a potion of curing {@q1}
 k - a potion of cancellation {unknown}

Dungeon Overview and Level Annotations

Branches:
Dungeon (3/15)

Altars:

Shops:
D:2 [ D:3

( ≈..#≈.≈.# #....~....#
.~.≈.~..# ######....#
≈#.~.~≈.# #....# o~.≈~≈~##
#######.#### ..o....#
#.......# .o)♣.#.####.#####.#
####### ~)≈...~.o.....o.#.####
#8#...# .#.#.###.##.###o#.#..#
#^#.#^# ##...# #....#
#.@.#..###.....##
########...#####.#...##.#....#
#≈≈≈≈~~#.........####....##
####...#######......⚑.....#
#...## #..)..#..###.....#
#..## ##...#...#.#.....# #.##
###.#...#.....#.# #.#
#.#...#^#.#.#.# #.#
#.....#8#.^8#.#


You could see 2 orc priests.


Message History

The orc is lightly wounded.
You block the orc's attack.
You sock the orc!
You kill the orc!
You hit the orc.
The orc is heavily wounded.
You block the orc's attack.
You barely miss the orc.
The orc is heavily wounded.
The orc hits you with a +0 flail.
You hit the orc priest.
The orc priest is lightly wounded.
The orc priest hits you but does no damage.
The orc completely misses you.
You hit the orc priest.
The orc priest is heavily wounded.
The orc priest barely misses you.
The orc priest hits you but does no damage.
The orc hits you but does no damage.
The orc priest hits you but does no damage.
You thump the orc!
You kill the orc!
The orc priest invokes the aid of Beogh against you.
Beogh smites you!
* * * LOW HITPOINT WARNING * * *
You block the orc priest's attack. The orc priest barely misses you.
The orc priest calls down the wrath of Beogh upon you.
Beogh smites you!
You die...

Skill      XL: |  1  2  3  4 |
---------------+-------------+-----
Invocations    | 1 |  1.4
Short Blades   | 1 |  1.3
Long Blades    | 1 |  1.3
Axes           | 1 |  1.3
Polearms       | 1 |  1.3
Staves         | 1 |  1.3
Ranged Weapons | 1 |  1.3
Throwing       | 1 |  1.3
Dodging        | 1 |  1.3
Stealth        | 1 |  1.3
Unarmed Combat | 1 |  1.3
Spellcasting   | 1 |  1.3
Evocations     | 1 |  1.3
Conjurations   | 1 |  1.0
Hexes          | 1 |  1.0
Summonings     | 1 |  1.0
Necromancy     | 1 |  1.0
Translocations | 1 |  1.0
Transmutations | 1 |  1.0
Fire Magic     | 1 |  1.0
Ice Magic      | 1 |  1.0
Air Magic      | 1 |  1.0
Earth Magic    | 1 |  1.0
Poison Magic   | 1 |  1.0
Fighting       | |  6.6
Maces & Flails | |  4.7
Armour         | |  6.6
Shields        | |  6.6

Action                   |  1- 3 |  4- 6 || total
-------------------------+-------+-------++-------
Melee: Flail             |    82 |    91 ||   173
       Bite              |     5 |     5 ||    10
  Use: Scroll            |       |     1 ||     1
Armor: Scale mail        |    30 |    19 ||    49
       Chain mail        |       |    30 ||    30
Dodge: Dodged            |    48 |    30 ||    78
Block: Buckler           |    17 |    26 ||    43

Levels and vault maps discovered:
D:1:      dpeg_arrival_pond, layout_basic, serial_forest,
          infiniplex_forest_end_3, infiniplex_forest_lined_room_2,
          infiniplex_forest_pool, infiniplex_forest_corner_1,
          infiniplex_forest_end_1, infiniplex_forest_straight_4,
          infiniplex_forest_clump_small, minmay_octomino_e4
D:2:      layout_loops_cross, serial_shops, nicolae_diamond_shop, st_stairs_10,
          chequers_mini_garden
D:3:      layout_basic, serial_shops, nicolae_shop_statue_plus,
          nicolae_shop_bloodbath_and_beyond, shop,
          shapermc_ecumenical_altar_mp_highgroup, serial_rivers,
          chequers_serial_rivers_large_b, chequers_serial_rivers_marsh,
          chequers_serial_rivers_room_b, chequers_serial_rivers_micro_e,
          chequers_serial_rivers_large_a, chequers_serial_rivers_micro_b

Notes
Turn   | Place    | Note
-------+----------+-------------------------------------------
     0 | D:1      | xzight the Gnoll Fighter began the quest for the Orb.
     0 | D:1      | Reached XP level 1. HP: 23/23 MP: 1/1
   269 | D:1      | Reached XP level 2. HP: 26/29 MP: 2/2
   756 | D:1      | Reached XP level 3. HP: 35/35 MP: 3/3
   891 | D:2      | Reached skill level 1 in Invocations
   958 | D:2      | Reached skill level 1 in Short Blades
   958 | D:2      | Reached skill level 1 in Long Blades
   958 | D:2      | Reached skill level 1 in Axes
   958 | D:2      | Reached skill level 1 in Polearms
   958 | D:2      | Reached skill level 1 in Staves
   958 | D:2      | Reached skill level 1 in Ranged Weapons
   958 | D:2      | Reached skill level 1 in Throwing
   958 | D:2      | Reached skill level 1 in Dodging
   958 | D:2      | Reached skill level 1 in Stealth
   958 | D:2      | Reached skill level 1 in Unarmed Combat
   958 | D:2      | Reached skill level 1 in Spellcasting
   958 | D:2      | Reached skill level 1 in Evocations
  1058 | D:2      | Found Jiucik's Antique Armour Emporium.
  1284 | D:2      | Reached XP level 4. HP: 39/41 MP: 5/5
  1681 | D:2      | Reached skill level 1 in Conjurations
  1681 | D:2      | Reached skill level 1 in Hexes
  1681 | D:2      | Reached skill level 1 in Summonings
  1681 | D:2      | Reached skill level 1 in Necromancy
  1681 | D:2      | Reached skill level 1 in Translocations
  1681 | D:2      | Reached skill level 1 in Transmutations
  1681 | D:2      | Reached skill level 1 in Fire Magic
  1681 | D:2      | Reached skill level 1 in Ice Magic
  1681 | D:2      | Reached skill level 1 in Air Magic
  1681 | D:2      | Reached skill level 1 in Earth Magic
  1681 | D:2      | Reached skill level 1 in Poison Magic
  2118 | D:3      | Found a faded altar of an unknown god.
  2255 | D:3      | Found Tuku's Weapon Shoppe.
  2308 | D:3      | Killed from afar by an orc priest

Vanquished Creatures
  5 adders
  3 dart slugs
  2 orcs (D:3)
  2 bats
  5 endoplasms
  5 giant cockroaches
  5 goblins
  5 hobgoblins
  3 quokkas
  6 ball pythons
  A frilled lizard (D:1)
  5 kobolds
  7 rats
54 creatures vanquished.

Table legend: (Time is in decaauts)
 A = Elapsed time spent in this place.
 B = Non-inter-level travel time spent in this place.
 C = Inter-level travel time spent in this place.
 D = Time resting spent in this place.
 E = Time spent auto-exploring this place.
 F = Levels seen in this place.
 G = Mean time per level.
                   A        B        C        D        E       F      G
               +--------+--------+--------+--------+--------+-----+--------+
         Total |   2347 |   2255 |     92 |    184 |   1591 |   3 |  782.3 |
       Dungeon |   2347 |   2255 |     92 |    184 |   1591 |   3 |  782.3 |
               +--------+--------+--------+--------+--------+-----+--------+

Top non-repeatable levels by time:
     D:2: 1078 daAuts
     D:1: 888 daAuts
     D:3: 381 daAuts

Table legend:
 A = Non-vault XP
 B = Vault XP
 C = Vault XP percentage of total XP
 D = Non-vault monster count
 E = Vault monster count
 F = Vault count percentage of total count
                 A         B        C        D         E       F
            +---------+---------+-------+---------+---------+-------
      Total |     146 |       9 |   5.8 |      49 |       5 |   9.3
            +---------+---------+-------+---------+---------+-------
        D:1 |      31 |       7 |  18.4 |      16 |       3 |  15.8
        D:2 |      81 |       2 |   2.4 |      20 |       2 |   9.1
        D:3 |      34 |       0 |   0.0 |      13 |       0 |   0.0
            +---------+---------+-------+---------+---------+-------
